 Dungeon Crawl Stone Soup version 0.26.1-2-gb8aa6d0cf2 (webtiles) character file.

Game seed: 16018622494892954256

189 promet the Grasshopper (level 5, 0/43 HPs)
             Began as a Gnoll Warper on Feb 18, 2021.
             Succumbed to a big kobold's poison
             ... on level 3 of the Dungeon.
             The game lasted 00:19:51 (3580 turns).

promet the Grasshopper (Gnoll Warper)               Turns: 3580, Time: 00:19:52

Health: 0/43       AC:  4    Str: 13    XL:     5   Next: 68%
Magic:  12/12      EV: 14    Int: 17    God:
Gold:   94         SH:  0    Dex: 14    Spells: 6/14 levels left

rFire    + . .     SeeInvis .   p - +0 rapier
rCold    + . .     Faith    .   (no shield)
rNeg     . . .     Spirit   .   b - +1 leather armour
rPois    +         Reflect  .   (no helmet)
rElec    +         Harm     .   (no cloak)
rCorr    +         Rampage  .   (no gloves)
Will     .....                  (no boots)
Stlth    ++........             (no amulet)
HPRegen  0.14/turn              (no ring)
MPRegen  0.13/turn              (no ring)

@: lethally poisoned (0 -> -25), resistant
A: distributed training, fangs 1, strong nose
a: no special abilities


You were on level 3 of the Dungeon.
You visited 1 branch of the dungeon, and saw 5 of its levels.

You collected 94 gold pieces.

Inventory:

Hand Weapons
 a - a +1 spear
 k - a +2 whip of freezing
 o - a +0 hunting sling
 p - a +0 rapier (weapon)
Missiles
 c - 10 poisoned darts (quivered)
 f - 97 stones
 g - 17 sling bullets
 h - 30 bolts
 j - 57 arrows
 q - 3 boomerangs
Armour
 b - a +1 leather armour (worn)
Scrolls
 d - 2 scrolls of blinking
 e - a scroll of identify
 l - 4 scrolls of teleportation
Potions
 i - a potion of haste


   Skills:
 + Level 4.8 Fighting
 + Level 1.6 Short Blades
 + Level 1.6 Long Blades
 + Level 1.6 Axes
 + Level 1.6 Maces & Flails
 + Level 4.8 Polearms
 + Level 1.6 Staves
 + Level 1.6 Slings
 + Level 1.6 Bows
 + Level 1.6 Crossbows
 + Level 3.0 Throwing
 + Level 3.0 Armour
 + Level 4.8 Dodging
 + Level 1.6 Stealth
 + Level 1.6 Shields
 + Level 1.6 Unarmed Combat
 + Level 5.2 Spellcasting
 + Level 1.2 Conjurations
 + Level 1.2 Hexes
 + Level 1.2 Summonings
 + Level 1.2 Necromancy
 + Level 5.5 Translocations
 + Level 1.2 Transmutations
 + Level 1.2 Fire Magic
 + Level 1.2 Ice Magic
 + Level 1.2 Air Magic
 + Level 1.2 Earth Magic
 + Level 1.2 Poison Magic
 + Level 1.8 Invocations
 + Level 1.6 Evocations


You had 6 spell levels left.
You knew the following spells:

 Your Spells              Type           Power        Failure   Level
a - Blink                 Tloc           N/A          2%          2
b - Gell's Gravitas       Tloc           11%          5%          3
c - Lesser Beckoning      Tloc           11%          5%          3

Your spell library contained the following spells:

 Spells                   Type           Power        Failure   Level
 Teleport Other           Tloc           23%          5%          3
 Passage of Golubria      Tloc           N/A          19%         4


Dungeon Overview and Level Annotations

Branches:
Dungeon (5/15)
 Temple: D:4-7

Altars:
Ru

Annotations:
D:4 1 transporter, hawla's ghost, novice DECj


Innate Abilities, Weirdness & Mutations

Your experience applies equally to all skills.
You have very sharp teeth.
Your uncanny sense of smell can sniff out nearby items.


Message History

You feel very sick. The big kobold closely misses you.
You closely miss the big kobold.
The big kobold is lightly wounded.
* * * LOW HITPOINT WARNING * * *
You feel very sick.
The big kobold hits you with a +1 dagger of venom.
* * * LOW HITPOINT WARNING * * *
You hit the big kobold but do no damage.
The big kobold is lightly wounded.
* * * LOW HITPOINT WARNING * * *
You feel very sick. The big kobold closely misses you.
You closely miss the big kobold. Your bite misses the big kobold.
The big kobold is lightly wounded.
* * * LOW HITPOINT WARNING * * *
You feel sick. The big kobold closely misses you.
You closely miss the big kobold.
The big kobold is lightly wounded.
You die...

..#.# ##.###.###.###
....# #......# #..#
..### ##.###.# #.## ..#
#.# #.# ### ..# #.###.#
###.K# ..# #.#...#
#.#..# ∆
..#######.#.#.# #.#g.#
..........#.#.###.#..##
..........#.#...@.##K.#
.........##.#####K.#..#
# ..≈.≈.#####.
#..#..#.# .≈.≈.≈# #.
#.......# .#...## #.
#####.......# ÷#.≈.#
##.####.# <#...# .#
.#.≈.# .# ∆∆ .#...# .#


You could see a big kobold.

Vanquished Creatures
  A worker ant (D:4)
  7 adders
  A white imp (D:4)
  An ooze (D:1)
  3 worms
  2 dart slugs
  A leopard gecko (D:2)
  2 orcs (D:3)
  2 giant cockroaches
  5 goblins
  12 hobgoblins
  10 jackals
  8 bats
  6 frilled lizards
  9 kobolds
  A leopard gecko skeleton (D:4)
  A quokka skeleton (D:4)
  3 rats
75 creatures vanquished.

Vanquished Creatures (others)
  5 toadstools (D:1)
5 creatures vanquished.

Grand Total: 80 creatures vanquished

Notes
Turn   | Place    | Note
-------+----------+-------------------------------------------
     0 | D:1      | promet the Gnoll Warper began the quest for the Orb.
     0 | D:1      | Reached XP level 1. HP: 20/20 MP: 6/6
   154 | D:1      | Reached XP level 2. HP: 18/26 MP: 7/7
   162 | D:1      | Learned a level 2 spell: Blink
   755 | D:1      | Reached XP level 3. HP: 28/31 MP: 9/9
   936 | D:1      | Reached skill level 5 in Spellcasting
  1204 | D:2      | Reached skill level 1 in Invocations
  1339 | D:2      | Learned a level 3 spell: Gell's Gravitas
  1343 | D:2      | Learned a level 3 spell: Lesser Beckoning
  1596 | D:2      | Reached skill level 1 in Short Blades
  1596 | D:2      | Reached skill level 1 in Long Blades
  1596 | D:2      | Reached skill level 1 in Axes
  1596 | D:2      | Reached skill level 1 in Maces & Flails
  1596 | D:2      | Reached skill level 1 in Staves
  1596 | D:2      | Reached skill level 1 in Slings
  1596 | D:2      | Reached skill level 1 in Bows
  1596 | D:2      | Reached skill level 1 in Crossbows
  1596 | D:2      | Reached skill level 1 in Stealth
  1596 | D:2      | Reached skill level 1 in Shields
  1596 | D:2      | Reached skill level 1 in Unarmed Combat
  1596 | D:2      | Reached skill level 1 in Evocations
  1621 | D:2      | Reached XP level 4. HP: 36/38 MP: 11/11
  2152 | D:2      | Reached skill level 1 in Conjurations
  2152 | D:2      | Reached skill level 1 in Hexes
  2152 | D:2      | Reached skill level 1 in Summonings
  2152 | D:2      | Reached skill level 1 in Necromancy
  2152 | D:2      | Reached skill level 1 in Transmutations
  2152 | D:2      | Reached skill level 1 in Fire Magic
  2152 | D:2      | Reached skill level 1 in Ice Magic
  2152 | D:2      | Reached skill level 1 in Air Magic
  2152 | D:2      | Reached skill level 1 in Earth Magic
  2152 | D:2      | Reached skill level 1 in Poison Magic
  2406 | D:3      | You fall into a shaft and drop 2 floors!
  2406 | D:5      | Entered Level 5 of the Dungeon
  2431 | D:4      | Found a transporter.
  2431 | D:4      | Noticed hawla's ghost (novice DECj)
  2432 | D:4      | Identified the +10 great mace of Eternal War {flame, Int+6}
  2432 | D:4      | Noticed an ogre
  2444 | D:4      | Reached XP level 5. HP: 30/43 MP: 12/12
  3085 | D:3      | Found a sacrificial altar of Ru.
  3568 | D:3      | Noticed a big kobold
  3579 | D:3      | HP: 2/43 [poisoned by a big kobold]
  3580 | D:3      | Succumbed to a big kobold's poison

Illustrated notes

Levels and vault maps discovered:
D:1:      ldierk_walled_garden, layout_basic, minmay_statues_item
D:2:      layout_loops_cross, chequers_serial_rivers_small_a
D:3:      cheibrodos_thug_alley, layout_loops_cross,
          chequers_hall_statues_corner_a, nicolae_ru_path_of_blood
D:4:      layout_gridville, serial_shops, shop, gammafunk_ghost_smash,
          st_stairs_1
D:5:      layout_cave_pools, overflow_temple_1_default, serial_bayou,
          serial_bayou_pond_a, serial_bayou_shore_a, serial_bayou_pond_a,
          serial_bayou_pond_c, lemuel_altar_in_water

Skill      XL: |  1  2  3  4  5 |
---------------+----------------+-----
Spellcasting   | 5 |  5.2
Invocations    | 1 |  1.8
Short Blades   | 1 |  1.6
Long Blades    | 1 |  1.6
Axes           | 1 |  1.6
Maces & Flails | 1 |  1.6
Staves         | 1 |  1.6
Slings         | 1 |  1.6
Bows           | 1 |  1.6
Crossbows      | 1 |  1.6
Stealth        | 1 |  1.6
Shields        | 1 |  1.6
Unarmed Combat | 1 |  1.6
Evocations     | 1 |  1.6
Conjurations   | 1 |  1.2
Hexes          | 1 |  1.2
Summonings     | 1 |  1.2
Necromancy     | 1 |  1.2
Transmutations | 1 |  1.2
Fire Magic     | 1 |  1.2
Ice Magic      | 1 |  1.2
Air Magic      | 1 |  1.2
Earth Magic    | 1 |  1.2
Poison Magic   | 1 |  1.2
Throwing       | 3 |  3.0
Armour         | 3 |  3.0
Fighting       | |  4.8
Polearms       | |  4.8
Dodging        | |  4.8
Translocations | |  5.5

Action                   |  1- 3 |  4- 6 || total
-------------------------+-------+-------++-------
Melee: Spear             |   120 |   149 ||   269
       Bite              |     9 |    18 ||    27
       Punch             |     1 |     1 ||     2
       Rapier            |       |    46 ||    46
Throw: Boomerang         |     4 |     8 ||    12
       Dart              |       |     4 ||     4
 Cast: Blink             |     1 |     2 ||     3
  Use: Scroll            |     5 |     4 ||     9
       Potion            |     2 |     2 ||     4
 Stab: Distracted        |     1 |       ||     1
       Sleeping          |       |     1 ||     1
Armor: Leather armour    |    20 |    31 ||    51
Dodge: Dodged            |    90 |   131 ||   221
